Winnipeg Jets vs New York Rangers
Created - Wednesday, June 14, 2023 at 07:11
Goals
|
| Winnipeg Jets |
2 |
2 |
0 |
0 |
4 |
| New York Rangers |
0 |
1 |
3 |
1 |
5 |
|
Shots
|
| Winnipeg Jets |
13 |
16 |
14 |
0 |
43 |
| New York Rangers |
13 |
8 |
15 |
1 |
37 |
|
1st period
1. Winnipeg Jets , Joe Pavelski 16 (Ryan Nugent-Hopkins 40, Connor McDavid 55) at 7:37
2. Winnipeg Jets , Connor McDavid 31 (Joe Pavelski 26, Calen Addison 4) at 18:29
Penalties :
Mark Borowiecki (WPG) for Hooking (Minor) at 8:32, Mark Stone (WPG) for Tripping (Minor) at 18:53
2nd period
3. Winnipeg Jets , Nick Suzuki 25 (Tyler Toffoli 22, Mark Stone 31) at 10:32
4. Winnipeg Jets , Brandon Montour 8 (Barclay Goodrow 9, Andrew Cogliano 6) at 15:24
5. New York Rangers , Patrice Bergeron 36 (Cam Fowler 23, Andre Burakovsky 22) at 17:29
Penalties :
No Penalty
3rd period
6. New York Rangers , Carl Hagelin 2 (Cam Fowler 24, Mikael Granlund 39) at 6:21
7. New York Rangers , Mikael Granlund 20 (Nathan MacKinnon 66, Blake Wheeler 31) at 13:25 (PP)
8. New York Rangers , Mikael Granlund 21 (Nathan MacKinnon 67, Blake Wheeler 32) at 13:41
Penalties :
Conor Garland (NYR) for High sticking (Minor) at 4:09, Dante Fabbro (WPG) for Interference (Minor) at 13:18, John Klingberg (WPG) for Holding (Minor) at 19:11
Overtime #1
9. New York Rangers , Nathan MacKinnon 52 (Cam Fowler 25) at 0:14 (PP)
Penalties :
No Penalty
Goalie Stats
Jake Allen (WPG), 32 saves from 37 shots - (0.865), OTL, 7-14-7, 60:14 minutes
Igor Shesterkin (NYR), 39 saves from 43 shots - (0.907), W, 27-22-3, 60:14 minutes
Players Stats for Winnipeg Jets
Player Name G A P +/- PIM S H SB GA TA FO MP PP MP PK MP
------------------------------------------------------------------------------------
Andrew Cogliano 0 1 1 1 0 2 3 0 0 0 0/0 9:00 0:00 2:24
Barclay Goodrow 0 1 1 1 0 2 1 0 0 0 5/10 9:14 0:00 2:38
Brandon Montour 1 0 1 0 0 4 0 3 1 0 0/0 23:06 1:27 2:18
Calen Addison 0 1 1 0 0 1 0 0 0 0 0/0 18:15 0:00 2:18
Connor McDavid 1 1 2 1 0 8 1 0 2 0 12/24 19:22 1:02 0:00
Dante Fabbro 0 0 0 1 2 2 0 0 1 0 0/0 19:52 0:32 0:56
Eeli Tolvanen 0 0 0 1 0 1 1 0 0 0 0/0 7:28 0:00 0:52
Joe Pavelski 1 1 2 1 0 2 1 0 2 0 0/1 19:22 1:02 0:00
John Klingberg 0 0 0 1 2 1 0 2 0 0 0/0 19:44 1:27 0:00
Kevin Shattenkirk 0 0 0 0 0 0 0 1 0 1 0/0 22:03 0:32 2:49
Lucas Raymond 0 0 0 -2 0 2 0 1 0 1 0/0 13:11 0:00 0:08
Mark Borowiecki 0 0 0 0 2 0 2 1 0 1 0/0 17:29 0:00 1:53
Mark Stone 0 1 1 1 2 3 0 0 1 1 0/3 17:35 0:57 1:29
Mathew Barzal 0 0 0 -2 0 2 1 0 2 0 0/1 13:02 0:00 0:00
Matty Beniers 0 0 0 -2 0 2 0 0 0 0 7/16 13:02 0:00 0:00
Nick Suzuki 1 0 1 1 0 5 1 0 0 0 5/12 18:36 0:57 2:29
Ryan Nugent-Hopkins 0 1 1 1 0 3 4 0 0 0 0/0 19:22 1:02 0:00
Tyler Toffoli 0 1 1 1 0 3 2 2 1 0 0/1 16:02 0:57 0:00
Players Stats for New York Rangers
Player Name G A P +/- PIM S H SB GA TA FO MP PP MP PK MP
------------------------------------------------------------------------------------
Adam Larsson 0 0 0 1 0 2 1 2 0 0 0/0 22:44 3:00 1:07
Andre Burakovsky 0 1 1 -1 0 2 1 0 0 0 0/0 15:36 0:04 0:00
Blake Wheeler 0 2 2 1 0 1 1 0 1 1 0/0 19:31 2:27 1:03
Cam Fowler 0 3 3 1 0 1 3 1 0 0 0/0 22:44 3:00 1:07
Carl Hagelin 1 0 1 0 0 4 1 1 0 1 0/0 8:39 0:04 0:00
Conor Garland 0 0 0 -1 2 1 0 0 0 0 1/2 13:24 0:00 0:00
David Kampf 0 0 0 0 0 0 0 1 0 0 5/6 8:32 0:00 0:00
Dmitry Kulikov 0 0 0 -2 0 3 1 0 0 0 0/0 18:58 1:53 0:00
Eric Robinson 0 0 0 -1 0 1 0 1 0 0 0/0 13:18 0:00 0:00
Jake Walman 0 0 0 0 0 1 0 3 0 1 0/0 17:40 0:00 0:00
Mark Giordano 0 0 0 0 0 1 1 2 0 0 0/0 21:09 1:53 0:52
Matt Benning 0 0 0 -2 0 0 2 2 0 3 0/0 17:13 0:00 0:52
Mikael Granlund 2 1 3 1 0 2 2 1 1 1 1/1 19:31 2:27 1:03
Nathan MacKinnon 1 2 3 1 0 3 2 3 2 0 15/27 19:38 2:31 0:56
Patrice Bergeron 1 0 1 -1 0 5 1 1 0 1 11/20 18:46 2:22 0:56
Pierre-Luc Dubois 0 0 0 -1 0 4 3 0 0 1 0/1 17:36 2:22 0:00
T.J. Oshie 0 0 0 -1 0 5 0 1 0 0 6/11 15:25 2:22 0:00
Tyler Motte 0 0 0 0 0 1 0 0 0 1 0/0 8:32 0:00 0:00
3 Stars
1 - Mikael Granlund (NYR)
2 - Nathan MacKinnon (NYR)
3 - Cam Fowler (NYR)
Power Play
Winnipeg Jets - 0 on 1 Attempt(s) - 0.00%
New York Rangers - 2 on 4 Attempt(s) - 50.00%
Penalty Kill
Winnipeg Jets - 2 on 4 Attempt(s) - 50.00%
- Score 0 goal in Penalty Kill
New York Rangers - 1 on 1 Attempt(s) - 100.00%
- Score 0 goal in Penalty Kill
Team Stat
Winnipeg Jets - Hits : 17 - Faceoff Wins : 29 - Blocked Shots : 10 - Penalty Minutes : 8
New York Rangers - Hits : 19 - Faceoff Wins : 39 - Blocked Shots : 19 - Penalty Minutes : 2
Official
Referees : Jean Hebert and Dean Morton
Linesman : John Grandt and Darren Gibbs
Game Notes
No Game Note
Finance
Level 1 -- Attendance: 4707 (78.45%) -- Ticket Income $480,114
Level 2 -- Attendance: 3965 (79.30%) -- Ticket Income $249,795
Level 3 -- Attendance: 2068 (68.93%) -- Ticket Income $84,788
Level 4 -- Attendance: 3295 (65.90%) -- Ticket Income $92,260
Luxury Box -- Attendance: 917 (91.70%) -- Ticket Income $178,815
Game was played at the Madison Square Garden.
Total Attendance: 14952 (74.76%)
Total Ticket Income: $1,085,772
Other Income: $380,020
Total Income: $1,465,792
Winnipeg Jets
5 vs 5 Forward
Center Left Wing Right Wing Time % Phy DF OF
1 Connor McDavid Ryan Nugent-Hopkins Joe Pavelski 35 1 2 2
2 Nick Suzuki Tyler Toffoli Mark Stone 30 1 2 2
3 Matty Beniers Mathew Barzal Lucas Raymond 25 1 2 2
4 Barclay Goodrow Andrew Cogliano Eeli Tolvanen 10 1 2 2
5 vs 5 Defense
Defense Defense Time % Phy DF OF
1 Brandon Montour Kevin Shattenkirk 35 1 2 2
2 John Klingberg Dante Fabbro 35 1 2 2
3 Calen Addison Mark Borowiecki 30 1 2 2
4 Brandon Montour Dante Fabbro 0 1 2 2
PowerPlay Forward
Center Left Wing Right Wing Time % Phy DF OF
1 Connor McDavid Ryan Nugent-Hopkins Joe Pavelski 50 1 2 2
2 Nick Suzuki Tyler Toffoli Mark Stone 50 1 2 2
PowerPlay Defense
Defense Defense Time % Phy DF OF
1 Brandon Montour John Klingberg 50 1 2 2
2 Dante Fabbro Kevin Shattenkirk 50 1 2 2
Penalty Kill 4 Players Forward
Center Wing Time % Phy DF OF
1 Barclay Goodrow Andrew Cogliano 50 1 2 2
2 Nick Suzuki Mark Stone 50 1 2 2
Penalty Kill 4 Players Defense
Defense Defense Time % Phy DF OF
1 Mark Borowiecki Kevin Shattenkirk 50 1 2 2
2 Brandon Montour Calen Addison 50 1 2 2
Penalty Kill - 3 Players Forward
Forward Time % Phy DF OF
1 Barclay Goodrow 50 1 2 2
2 Ryan Nugent-Hopkins 50 1 2 2
Penalty Kill - 3 Players Defense
Defense Defense Time % Phy DF OF
1 Mark Borowiecki Kevin Shattenkirk 50 1 2 2
2 Dante Fabbro John Klingberg 50 1 2 2
4 vs 4 Forward
Center Wing Time % Phy DF OF
1 Connor McDavid Ryan Nugent-Hopkins 50 1 2 2
2 Joe Pavelski Nick Suzuki 50 1 2 2
4 vs 4 Defense
Defense Defense Time % Phy DF OF
1 Calen Addison John Klingberg 50 1 2 2
2 Brandon Montour Mark Borowiecki 50 1 2 2
Last Minutes Offensive
Center Left Wing Right Wing Defense Defense
Connor McDavid Tyler Toffoli Joe Pavelski Brandon Montour Kevin Shattenkirk
Last Minutes Defensive
Center Left Wing Right Wing Defense Defense
Barclay Goodrow Andrew Cogliano Mark Stone Kevin Shattenkirk Mark Borowiecki
Goaltenders
Starting : Jake Allen
Backup : Chris Driedger
Extra Forwards
Normal : Mathew Barzal, Lucas Raymond, Matty Beniers - PP : Mathew Barzal, Matty Beniers - PK : Eeli Tolvanen
Extra Defensemen
Normal : John Klingberg, Dante Fabbro, Mark Borowiecki - PP : Calen Addison - PK : Dante Fabbro, Calen Addison
Penalty Shots
Connor McDavid, Ryan Nugent-Hopkins, Joe Pavelski, Nick Suzuki, Mark Stone
New York Rangers
5 vs 5 Forward
Center Left Wing Right Wing Time % Phy DF OF
1 Nathan MacKinnon Mikael Granlund Blake Wheeler 30 1 2 2
2 Patrice Bergeron Pierre-Luc Dubois Andre Burakovsky 30 1 2 2
3 T.J. Oshie Eric Robinson Conor Garland 25 1 2 2
4 David Kampf Carl Hagelin Tyler Motte 15 1 2 2
5 vs 5 Defense
Defense Defense Time % Phy DF OF
1 Cam Fowler Adam Larsson 35 1 2 2
2 Mark Giordano Jake Walman 35 1 2 2
3 Dmitry Kulikov Matt Benning 30 1 2 2
4 Cam Fowler Adam Larsson 0 1 2 2
PowerPlay Forward
Center Left Wing Right Wing Time % Phy DF OF
1 Nathan MacKinnon Mikael Granlund Blake Wheeler 50 1 2 2
2 Patrice Bergeron Pierre-Luc Dubois T.J. Oshie 50 1 2 2
PowerPlay Defense
Defense Defense Time % Phy DF OF
1 Cam Fowler Adam Larsson 50 1 2 2
2 Mark Giordano Dmitry Kulikov 50 1 2 2
Penalty Kill 4 Players Forward
Center Wing Time % Phy DF OF
1 Nathan MacKinnon Patrice Bergeron 50 1 2 2
2 Mikael Granlund Blake Wheeler 50 1 2 2
Penalty Kill 4 Players Defense
Defense Defense Time % Phy DF OF
1 Cam Fowler Adam Larsson 50 1 2 2
2 Mark Giordano Matt Benning 50 1 2 2
Penalty Kill - 3 Players Forward
Forward Time % Phy DF OF
1 Nathan MacKinnon 50 1 2 2
2 Patrice Bergeron 50 1 2 2
Penalty Kill - 3 Players Defense
Defense Defense Time % Phy DF OF
1 Cam Fowler Adam Larsson 50 1 2 2
2 Mark Giordano Matt Benning 50 1 2 2
4 vs 4 Forward
Center Wing Time % Phy DF OF
1 Nathan MacKinnon Patrice Bergeron 50 1 2 2
2 Mikael Granlund Blake Wheeler 50 1 2 2
4 vs 4 Defense
Defense Defense Time % Phy DF OF
1 Cam Fowler Adam Larsson 50 1 2 2
2 Mark Giordano Dmitry Kulikov 50 1 2 2
Last Minutes Offensive
Center Left Wing Right Wing Defense Defense
Nathan MacKinnon Mikael Granlund Blake Wheeler Cam Fowler Adam Larsson
Last Minutes Defensive
Center Left Wing Right Wing Defense Defense
Nathan MacKinnon Mikael Granlund Blake Wheeler Cam Fowler Adam Larsson
Goaltenders
Starting : Igor Shesterkin
Backup : Tristan Jarry
Extra Forwards
Normal : Carl Hagelin, Andre Burakovsky, Conor Garland - PP : Carl Hagelin, Andre Burakovsky - PK : Conor Garland
Extra Defensemen
Normal : Dmitry Kulikov, Matt Benning, Mark Giordano - PP : Dmitry Kulikov - PK : Matt Benning, Mark Giordano
Penalty Shots
Nathan MacKinnon, Patrice Bergeron, Mikael Granlund, Blake Wheeler, Pierre-Luc Dubois
% Time on Ice - Winnipeg Jets
Lines # - Real PCT - Wanted PCT - Time Play
Normal Forward
1 - 35% - 35% - 18:20
2 - 29% - 30% - 15:10
3 - 25% - 25% - 13:02
4 - 12% - 10% - 6:36
Normal Defense
1 - 35% - 35% - 18:46
2 - 35% - 35% - 18:39
3 - 29% - 30% - 15:32
4 - 0% - 0% - 0:11
PP Forward
1 - 52% - 50% - 1:02
2 - 48% - 50% - 0:57
PP Defense
1 - 73% - 50% - 1:27
2 - 27% - 50% - 0:32
PK Forward
1 - 49% - 50% - 2:24
2 - 51% - 50% - 2:29
PK Defense
1 - 53% - 50% - 2:35
2 - 47% - 50% - 2:18
PK3 Forward
1 - 100% - 50% - 0:14
2 - 0% - 50% - 0:00
PK3 Defense
1 - 100% - 50% - 0:14
2 - 0% - 50% - 0:00
44 Forward
1 - 0% - 50%
2 - 0% - 50%
44 Defense
1 - 0% - 50%
2 - 0% - 50%
Last Minute Offensive - 0:00
Last Minute Defensive - 0:00
Total
Forward - 60:14
Defense - 60:14
|
% Time on Ice - New York Rangers
Lines # - Real PCT - Wanted PCT - Time Play
Normal Forward
1 - 30% - 30% - 15:57
2 - 29% - 30% - 15:21
3 - 25% - 25% - 13:18
4 - 16% - 15% - 8:32
Normal Defense
1 - 35% - 35% - 18:23
2 - 35% - 35% - 18:24
3 - 31% - 30% - 16:21
4 - 0% - 0% - 0:00
PP Forward
1 - 52% - 50% - 2:31
2 - 48% - 50% - 2:22
PP Defense
1 - 61% - 50% - 3:00
2 - 39% - 50% - 1:53
PK Forward
1 - 47% - 50% - 0:56
2 - 53% - 50% - 1:03
PK Defense
1 - 56% - 50% - 1:07
2 - 44% - 50% - 0:52
PK3 Forward
1 - 0% - 50%
2 - 0% - 50%
PK3 Defense
1 - 0% - 50%
2 - 0% - 50%
44 Forward
1 - 100% - 50% - 0:14
2 - 0% - 50% - 0:00
44 Defense
1 - 100% - 50% - 0:14
2 - 0% - 50% - 0:00
Last Minute Offensive - 0:00
Last Minute Defensive - 0:00
Total
Forward - 60:14
Defense - 60:14
|
Play-by-Play
1st period
0:01 of 1st period - Nathan MacKinnon wins face-off versus Connor McDavid in neutral zone.
0:32 of 1st period - Snap shot by Pierre-Luc Dubois.
0:32 of 1st period - Shot Blocked by Tyler Toffoli.
0:34 of 1st period - Snap shot by Pierre-Luc Dubois.
0:34 of 1st period - Stopped by Jake Allen with a rebound.
0:58 of 1st period - Snap shot by Conor Garland.
0:58 of 1st period - Stopped by Jake Allen without a rebound.
0:59 of 1st period - David Kampf wins face-off versus Barclay Goodrow in Winnipeg Jets zone.
1:31 of 1st period - Wrist shot by T.J. Oshie.
1:31 of 1st period - Stopped by Jake Allen with a rebound.
1:33 of 1st period - Snap shot by Eric Robinson.
1:33 of 1st period - Stopped by Jake Allen without a rebound.
1:34 of 1st period - Nathan MacKinnon wins face-off versus Matty Beniers in Winnipeg Jets zone.
2:05 of 1st period - Slapshot by Mark Stone.
2:05 of 1st period - Stopped by Igor Shesterkin with a rebound.
2:21 of 1st period - Eric Robinson is hit by Ryan Nugent-Hopkins and loses puck.
4:31 of 1st period - Off-side.
4:32 of 1st period - Matty Beniers wins face-off versus Nathan MacKinnon in neutral zone.
5:28 of 1st period - Nick Suzuki is hit by Matt Benning and loses puck.
5:41 of 1st period - Eric Robinson is hit by Tyler Toffoli and loses puck.
6:16 of 1st period - Wrist shot by T.J. Oshie.
6:16 of 1st period - Stopped by Jake Allen without a rebound.
6:17 of 1st period - Connor McDavid wins face-off versus Patrice Bergeron in Winnipeg Jets zone.
6:26 of 1st period - Snap shot by Connor McDavid.
6:26 of 1st period - Stopped by Igor Shesterkin with a rebound.
6:28 of 1st period - Slapshot by Ryan Nugent-Hopkins.
6:28 of 1st period - Stopped by Igor Shesterkin without a rebound.
6:29 of 1st period - Connor McDavid wins face-off versus Nathan MacKinnon in New York Rangers zone.
6:36 of 1st period - Snap shot by Nathan MacKinnon.
6:36 of 1st period - Stopped by Jake Allen without a rebound.
6:37 of 1st period - Nathan MacKinnon wins face-off versus Connor McDavid in Winnipeg Jets zone.
7:11 of 1st period - Icing by Ryan Nugent-Hopkins.
7:12 of 1st period - Patrice Bergeron wins face-off versus Connor McDavid in Winnipeg Jets zone.
7:33 of 1st period - Wrist shot by Ryan Nugent-Hopkins.
7:33 of 1st period - Shot Misses the Net.
7:35 of 1st period - Snap shot by Ryan Nugent-Hopkins.
7:35 of 1st period - Shot Blocked by Adam Larsson.
7:37 of 1st period - Wrist shot by Joe Pavelski.
7:37 of 1st period - Goal by Joe Pavelski - Winnipeg Jets : 1 - New York Rangers : 0.
7:38 of 1st period - Matty Beniers wins face-off versus Patrice Bergeron in neutral zone.
7:44 of 1st period - Slapshot by Mathew Barzal.
7:44 of 1st period - Shot Misses the Net.
7:46 of 1st period - Snap shot by Matty Beniers.
7:46 of 1st period - Shot Blocked by Adam Larsson.
7:48 of 1st period - Slapshot by Kevin Shattenkirk.
7:48 of 1st period - Deflect By Mathew Barzal.
7:48 of 1st period - Stopped by Igor Shesterkin without a rebound.
7:49 of 1st period - David Kampf wins face-off versus Matty Beniers in New York Rangers zone.
7:54 of 1st period - Slapshot by Cam Fowler.
7:54 of 1st period - Stopped by Jake Allen with a rebound.
7:56 of 1st period - Slapshot by Cam Fowler.
7:56 of 1st period - Shot Blocked by Brandon Montour.
7:58 of 1st period - Wrist shot by Tyler Motte.
7:58 of 1st period - Shot Misses the Net.
8:14 of 1st period - Mark Stone is hit by Cam Fowler and loses puck.
8:19 of 1st period - Snap shot by Patrice Bergeron.
8:19 of 1st period - Deflect By Andre Burakovsky.
8:19 of 1st period - Stopped by Jake Allen with a rebound.
8:21 of 1st period - Wrist shot by Jake Walman.
8:21 of 1st period - Stopped by Jake Allen with a rebound.
8:23 of 1st period - Slapshot by Patrice Bergeron.
8:23 of 1st period - Stopped by Jake Allen without a rebound.
8:24 of 1st period - Nathan MacKinnon wins face-off versus Matty Beniers in Winnipeg Jets zone.
8:32 of 1st period - Minor Penalty to Mark Borowiecki for Hooking.
8:33 of 1st period - Nathan MacKinnon wins face-off versus Barclay Goodrow in Winnipeg Jets zone.
9:09 of 1st period - Mark Stone is hit by Adam Larsson.
10:31 of 1st period - Snap shot by Nathan MacKinnon.
10:31 of 1st period - Deflect By Andre Burakovsky.
10:31 of 1st period - Stopped by Jake Allen with a rebound.
10:32 of 1st period - Penalty to Mark Borowiecki is over, Mark Borowiecki is back on ice.
11:21 of 1st period - Conor Garland is hit by Andrew Cogliano and loses puck.
11:36 of 1st period - Dante Fabbro is hit by Mikael Granlund and loses puck.
11:47 of 1st period - Wrist shot by Connor McDavid.
11:47 of 1st period - Stopped by Igor Shesterkin without a rebound.
11:48 of 1st period - Matty Beniers wins face-off versus Patrice Bergeron in New York Rangers zone.
12:15 of 1st period - Wrist shot by Connor McDavid.
12:15 of 1st period - Shot Blocked by Jake Walman.
12:39 of 1st period - Eric Robinson is hit by Tyler Toffoli and loses puck.
13:03 of 1st period - Mark Borowiecki is hit by Carl Hagelin and loses puck.
13:18 of 1st period - Mark Borowiecki is hit by Andre Burakovsky and loses puck.
14:00 of 1st period - Nathan MacKinnon is hit by Nick Suzuki and loses puck.
14:07 of 1st period - Slapshot by Nick Suzuki.
14:07 of 1st period - Shot Misses the Net.
14:09 of 1st period - Snap shot by Tyler Toffoli.
14:09 of 1st period - Stopped by Igor Shesterkin without a rebound.
14:10 of 1st period - Patrice Bergeron wins face-off versus Matty Beniers in New York Rangers zone.
15:08 of 1st period - Wrist shot by Joe Pavelski.
15:08 of 1st period - Shot Blocked by David Kampf.
15:50 of 1st period - Backhand shot by Lucas Raymond.
15:50 of 1st period - Shot Misses the Net.
15:52 of 1st period - Snap shot by Matty Beniers.
15:52 of 1st period - Stopped by Igor Shesterkin with a rebound.
15:54 of 1st period - Snap shot by Mathew Barzal.
15:54 of 1st period - Shot Blocked by Jake Walman.
15:56 of 1st period - Slapshot by Brandon Montour.
15:56 of 1st period - Shot Blocked by Nathan MacKinnon.
16:00 of 1st period - Slapshot by Lucas Raymond.
16:00 of 1st period - Shot Misses the Net.
16:02 of 1st period - Slapshot by Kevin Shattenkirk.
16:02 of 1st period - Deflect By Lucas Raymond.
16:02 of 1st period - Shot Misses the Net.
16:02 of 1st period - Puck is out of play.
16:03 of 1st period - T.J. Oshie wins face-off versus Nick Suzuki in New York Rangers zone.
16:18 of 1st period - Wrist shot by T.J. Oshie.
16:18 of 1st period - Stopped by Jake Allen without a rebound.
16:19 of 1st period - Nathan MacKinnon wins face-off versus Matty Beniers in Winnipeg Jets zone.
16:36 of 1st period - Slapshot by Nathan MacKinnon.
16:36 of 1st period - Shot Misses the Net.
16:42 of 1st period - Adam Larsson is hit by Mark Borowiecki and loses puck.
16:55 of 1st period - Wrist shot by Lucas Raymond.
16:55 of 1st period - Stopped by Igor Shesterkin without a rebound.
16:56 of 1st period - Nick Suzuki wins face-off versus Patrice Bergeron in New York Rangers zone.
17:05 of 1st period - Snap shot by Tyler Toffoli.
17:05 of 1st period - Stopped by Igor Shesterkin without a rebound.
17:06 of 1st period - Patrice Bergeron wins face-off versus Nick Suzuki in New York Rangers zone.
17:34 of 1st period - Wrist shot by Mark Stone.
17:34 of 1st period - Shot Misses the Net.
17:36 of 1st period - Slapshot by Dante Fabbro.
17:36 of 1st period - Stopped by Igor Shesterkin without a rebound.
17:37 of 1st period - Nathan MacKinnon wins face-off versus Connor McDavid in New York Rangers zone.
17:48 of 1st period - Mikael Granlund is hit by Connor McDavid.
18:10 of 1st period - Ryan Nugent-Hopkins is hit by Dmitry Kulikov and loses puck.
18:21 of 1st period - Wrist shot by Ryan Nugent-Hopkins.
18:21 of 1st period - Shot Hit the Post.
18:23 of 1st period - Slapshot by Calen Addison.
18:23 of 1st period - Shot Blocked by Carl Hagelin.
18:25 of 1st period - Wrist shot by Joe Pavelski.
18:25 of 1st period - Shot Misses the Net.
18:27 of 1st period - Snap shot by Joe Pavelski.
18:27 of 1st period - Shot Blocked by Matt Benning.
18:29 of 1st period - Slapshot by Connor McDavid.
18:29 of 1st period - Goal by Connor McDavid - Winnipeg Jets : 2 - New York Rangers : 0.
18:30 of 1st period - Patrice Bergeron wins face-off versus Nick Suzuki in neutral zone.
18:47 of 1st period - Snap shot by Pierre-Luc Dubois.
18:47 of 1st period - Shot Misses the Net.
18:53 of 1st period - Minor Penalty to Mark Stone for Tripping.
18:54 of 1st period - Barclay Goodrow wins face-off versus T.J. Oshie in Winnipeg Jets zone.
18:54 of 1st period - Barclay Goodrow is hit by Patrice Bergeron.
19:08 of 1st period - Snap shot by Andrew Cogliano.
19:08 of 1st period - Deflect By Patrice Bergeron.
19:08 of 1st period - Stopped by Igor Shesterkin with a rebound.
19:28 of 1st period - Snap shot by Nathan MacKinnon.
19:28 of 1st period - Shot Misses the Net.
19:34 of 1st period - Wrist shot by Blake Wheeler.
19:34 of 1st period - Stopped by Jake Allen with a rebound.
19:44 of 1st period - Pierre-Luc Dubois is hit by Andrew Cogliano and loses puck.
Goals for this period are 2 for Winnipeg Jets vs 0 for New York Rangers.
Shots for this period are 13 for Winnipeg Jets vs 13 for New York Rangers.
2nd period
0:01 of 2nd period - Barclay Goodrow wins face-off versus Patrice Bergeron in neutral zone.
0:10 of 2nd period - Slapshot by Andrew Cogliano.
0:10 of 2nd period - Shot Misses the Net.
0:53 of 2nd period - Penalty to Mark Stone is over, Mark Stone is back on ice.
2:34 of 2nd period - Slapshot by Eeli Tolvanen.
2:34 of 2nd period - Shot Misses the Net.
2:36 of 2nd period - Snap shot by Barclay Goodrow.
2:36 of 2nd period - Stopped by Igor Shesterkin without a rebound.
2:37 of 2nd period - Nathan MacKinnon wins face-off versus Mark Stone in New York Rangers zone.
3:33 of 2nd period - Snap shot by Carl Hagelin.
3:33 of 2nd period - Stopped by Jake Allen without a rebound.
3:34 of 2nd period - Nathan MacKinnon wins face-off versus Nick Suzuki in Winnipeg Jets zone.
3:43 of 2nd period - Snap shot by Mikael Granlund.
3:43 of 2nd period - Shot Blocked by John Klingberg.
3:45 of 2nd period - Snap shot by Mark Giordano.
3:45 of 2nd period - Stopped by Jake Allen with a rebound.
3:47 of 2nd period - Slapshot by Jake Walman.
3:47 of 2nd period - Shot Misses the Net.
4:01 of 2nd period - Mark Giordano is hit by Joe Pavelski.
4:09 of 2nd period - Jake Walman is hit by Ryan Nugent-Hopkins and loses puck.
5:02 of 2nd period - Nick Suzuki is hit by Nathan MacKinnon.
5:12 of 2nd period - Slapshot by Tyler Toffoli.
5:12 of 2nd period - Stopped by Igor Shesterkin with a rebound.
5:33 of 2nd period - Wrist shot by Ryan Nugent-Hopkins.
5:33 of 2nd period - Shot Misses the Net.
5:35 of 2nd period - Slapshot by Ryan Nugent-Hopkins.
5:35 of 2nd period - Shot Blocked by Matt Benning.
6:11 of 2nd period - Mark Giordano is hit by Mark Borowiecki.
7:25 of 2nd period - Snap shot by Matty Beniers.
7:25 of 2nd period - Deflect By Mathew Barzal.
7:25 of 2nd period - Stopped by Igor Shesterkin without a rebound.
7:26 of 2nd period - Patrice Bergeron wins face-off versus Joe Pavelski in New York Rangers zone.
7:26 of 2nd period - Pierre-Luc Dubois is hit by Ryan Nugent-Hopkins and loses puck.
7:41 of 2nd period - Snap shot by Patrice Bergeron.
7:41 of 2nd period - Stopped by Jake Allen without a rebound.
7:42 of 2nd period - Nick Suzuki wins face-off versus Nathan MacKinnon in Winnipeg Jets zone.
8:59 of 2nd period - Snap shot by Carl Hagelin.
8:59 of 2nd period - Stopped by Jake Allen with a rebound.
9:01 of 2nd period - Wrist shot by Dmitry Kulikov.
9:01 of 2nd period - Stopped by Jake Allen without a rebound.
9:02 of 2nd period - Nathan MacKinnon wins face-off versus Barclay Goodrow in Winnipeg Jets zone.
9:40 of 2nd period - Wrist shot by Eeli Tolvanen.
9:40 of 2nd period - Shot Blocked by Nathan MacKinnon.
9:42 of 2nd period - Backhand shot by John Klingberg.
9:42 of 2nd period - Shot Blocked by Jake Walman.
9:44 of 2nd period - Snap shot by John Klingberg.
9:44 of 2nd period - Stopped by Igor Shesterkin with a rebound.
9:46 of 2nd period - Slapshot by Dante Fabbro.
9:46 of 2nd period - Stopped by Igor Shesterkin without a rebound.
9:47 of 2nd period - Connor McDavid wins face-off versus Patrice Bergeron in New York Rangers zone.
9:56 of 2nd period - Wrist shot by Ryan Nugent-Hopkins.
9:56 of 2nd period - Stopped by Igor Shesterkin with a rebound.
10:20 of 2nd period - Slapshot by Mark Stone.
10:20 of 2nd period - Deflect By Nick Suzuki.
10:20 of 2nd period - Stopped by Igor Shesterkin without a rebound.
10:21 of 2nd period - Nick Suzuki wins face-off versus T.J. Oshie in New York Rangers zone.
10:22 of 2nd period - Wrist shot by Tyler Toffoli.
10:22 of 2nd period - Shot Misses the Net.
10:24 of 2nd period - Wrist shot by Mark Stone.
10:24 of 2nd period - Shot Misses the Net.
10:26 of 2nd period - Wrist shot by Nick Suzuki.
10:26 of 2nd period - Stopped by Igor Shesterkin with a rebound.
10:28 of 2nd period - Snap shot by Mark Stone.
10:28 of 2nd period - Stopped by Igor Shesterkin with a rebound.
10:30 of 2nd period - Snap shot by Tyler Toffoli.
10:30 of 2nd period - Shot Misses the Net.
10:32 of 2nd period - Slapshot by Nick Suzuki.
10:32 of 2nd period - Deflect By T.J. Oshie.
10:32 of 2nd period - Goal by Nick Suzuki - Winnipeg Jets : 3 - New York Rangers : 0.
10:33 of 2nd period - Connor McDavid wins face-off versus Patrice Bergeron in neutral zone.
11:12 of 2nd period - Tyler Toffoli is hit by Blake Wheeler and loses puck.
11:44 of 2nd period - Tyler Motte is hit by Andrew Cogliano and loses puck.
12:12 of 2nd period - Wrist shot by Connor McDavid.
12:12 of 2nd period - Stopped by Igor Shesterkin with a rebound.
12:25 of 2nd period - Off-side.
12:26 of 2nd period - Matty Beniers wins face-off versus Nathan MacKinnon in neutral zone.
12:40 of 2nd period - Off-side.
12:41 of 2nd period - T.J. Oshie wins face-off versus Connor McDavid in neutral zone.
12:50 of 2nd period - Snap shot by T.J. Oshie.
12:50 of 2nd period - Deflect By Conor Garland.
12:50 of 2nd period - Shot Misses the Net.
12:50 of 2nd period - Puck is out of play.
12:51 of 2nd period - Connor McDavid wins face-off versus Conor Garland in Winnipeg Jets zone.
12:56 of 2nd period - Snap shot by Ryan Nugent-Hopkins.
12:56 of 2nd period - Deflect By Joe Pavelski.
12:56 of 2nd period - Shot Hit the Post.
12:56 of 2nd period - Puck is out of play.
12:57 of 2nd period - Patrice Bergeron wins face-off versus Nick Suzuki in New York Rangers zone.
13:03 of 2nd period - Off-side.
13:04 of 2nd period - Patrice Bergeron wins face-off versus Nick Suzuki in neutral zone.
13:39 of 2nd period - Slapshot by Pierre-Luc Dubois.
13:39 of 2nd period - Stopped by Jake Allen without a rebound.
13:40 of 2nd period - Nathan MacKinnon wins face-off versus Connor McDavid in Winnipeg Jets zone.
13:45 of 2nd period - Snap shot by Mikael Granlund.
13:45 of 2nd period - Shot Misses the Net.
14:01 of 2nd period - Joe Pavelski is hit by Cam Fowler and loses puck.
14:30 of 2nd period - Snap shot by Ryan Nugent-Hopkins.
14:30 of 2nd period - Stopped by Igor Shesterkin with a rebound.
14:43 of 2nd period - Backhand shot by Connor McDavid.
14:43 of 2nd period - Stopped by Igor Shesterkin without a rebound.
14:44 of 2nd period - Matty Beniers wins face-off versus T.J. Oshie in New York Rangers zone.
15:11 of 2nd period - Patrice Bergeron is hit by Eeli Tolvanen and loses puck.
15:18 of 2nd period - Slapshot by Brandon Montour.
15:18 of 2nd period - Shot Misses the Net.
15:22 of 2nd period - Slapshot by Barclay Goodrow.
15:22 of 2nd period - Shot Blocked by Patrice Bergeron.
15:24 of 2nd period - Slapshot by Brandon Montour.
15:24 of 2nd period - Deflect By Andre Burakovsky.
15:24 of 2nd period - Goal by Brandon Montour - Winnipeg Jets : 4 - New York Rangers : 0.
15:25 of 2nd period - T.J. Oshie wins face-off versus Mark Stone in neutral zone.
15:32 of 2nd period - Wrist shot by T.J. Oshie.
15:32 of 2nd period - Deflect By Conor Garland.
15:32 of 2nd period - Deflect By Nick Suzuki.
15:32 of 2nd period - Shot Misses the Net.
15:32 of 2nd period - Puck is out of play.
15:33 of 2nd period - Conor Garland wins face-off versus Tyler Toffoli in Winnipeg Jets zone.
15:46 of 2nd period - Snap shot by Eric Robinson.
15:46 of 2nd period - Shot Misses the Net.
17:07 of 2nd period - Slapshot by T.J. Oshie.
17:07 of 2nd period - Shot Blocked by Tyler Toffoli.
17:27 of 2nd period - Slapshot by Andre Burakovsky.
17:27 of 2nd period - Shot Blocked by Brandon Montour.
17:29 of 2nd period - Backhand shot by Cam Fowler.
17:29 of 2nd period - Deflect By Patrice Bergeron.
17:29 of 2nd period - Goal by Patrice Bergeron - Winnipeg Jets : 4 - New York Rangers : 1.
17:30 of 2nd period - Connor McDavid wins face-off versus Patrice Bergeron in neutral zone.
18:48 of 2nd period - Lucas Raymond is hit by Pierre-Luc Dubois and loses puck.
19:15 of 2nd period - Snap shot by Calen Addison.
19:15 of 2nd period - Stopped by Igor Shesterkin without a rebound.
19:16 of 2nd period - T.J. Oshie wins face-off versus Barclay Goodrow in New York Rangers zone.
19:31 of 2nd period - Snap shot by T.J. Oshie.
19:31 of 2nd period - Stopped by Jake Allen without a rebound.
19:32 of 2nd period - Nick Suzuki wins face-off versus Nathan MacKinnon in Winnipeg Jets zone.
19:47 of 2nd period - Snap shot by Nick Suzuki.
19:47 of 2nd period - Stopped by Igor Shesterkin without a rebound.
19:48 of 2nd period - Patrice Bergeron wins face-off versus Connor McDavid in New York Rangers zone.
19:55 of 2nd period - Slapshot by Patrice Bergeron.
19:55 of 2nd period - Shot Blocked by Brandon Montour.
Goals for this period are 2 for Winnipeg Jets vs 1 for New York Rangers.
Shots for this period are 16 for Winnipeg Jets vs 8 for New York Rangers.
3rd period
0:01 of 3rd period - Patrice Bergeron wins face-off versus Matty Beniers in neutral zone.
0:08 of 3rd period - Snap shot by Patrice Bergeron.
0:08 of 3rd period - Shot Misses the Net.
0:10 of 3rd period - Slapshot by Adam Larsson.
0:10 of 3rd period - Shot Blocked by Lucas Raymond.
0:12 of 3rd period - Snap shot by Andre Burakovsky.
0:12 of 3rd period - Shot Blocked by John Klingberg.
0:14 of 3rd period - Slapshot by Patrice Bergeron.
0:14 of 3rd period - Shot Misses the Net.
0:16 of 3rd period - Slapshot by Adam Larsson.
0:16 of 3rd period - Shot Misses the Net.
0:26 of 3rd period - Cam Fowler is hit by Ryan Nugent-Hopkins and loses puck.
0:53 of 3rd period - Nick Suzuki is hit by Mark Giordano.
1:13 of 3rd period - Slapshot by Carl Hagelin.
1:13 of 3rd period - Stopped by Jake Allen without a rebound.
1:14 of 3rd period - Connor McDavid wins face-off versus Pierre-Luc Dubois in Winnipeg Jets zone.
1:25 of 3rd period - Snap shot by Patrice Bergeron.
1:25 of 3rd period - Stopped by Jake Allen with a rebound.
2:13 of 3rd period - Snap shot by Carl Hagelin.
2:13 of 3rd period - Shot Misses the Net.
2:49 of 3rd period - Snap shot by Pierre-Luc Dubois.
2:49 of 3rd period - Shot Blocked by Mark Borowiecki.
3:17 of 3rd period - Wrist shot by Blake Wheeler.
3:17 of 3rd period - Shot Misses the Net.
3:50 of 3rd period - Wrist shot by Nick Suzuki.
3:50 of 3rd period - Shot Blocked by T.J. Oshie.
3:52 of 3rd period - Wrist shot by Mark Stone.
3:52 of 3rd period - Stopped by Igor Shesterkin without a rebound.
3:53 of 3rd period - Matty Beniers wins face-off versus T.J. Oshie in New York Rangers zone.
4:09 of 3rd period - Minor Penalty to Conor Garland for High sticking.
4:10 of 3rd period - Nathan MacKinnon wins face-off versus Connor McDavid in New York Rangers zone.
4:42 of 3rd period - Snap shot by Nick Suzuki.
4:42 of 3rd period - Shot Blocked by Cam Fowler.
5:13 of 3rd period - Icing by Kevin Shattenkirk.
5:14 of 3rd period - Connor McDavid wins face-off versus Nathan MacKinnon in Winnipeg Jets zone.
6:09 of 3rd period - Penalty to Conor Garland is over, Conor Garland is back on ice.
6:21 of 3rd period - Slapshot by Carl Hagelin.
6:21 of 3rd period - Goal by Carl Hagelin - Winnipeg Jets : 4 - New York Rangers : 2.
6:22 of 3rd period - Connor McDavid wins face-off versus Nathan MacKinnon in neutral zone.
6:29 of 3rd period - Slapshot by Joe Pavelski.
6:29 of 3rd period - Stopped by Igor Shesterkin with a rebound.
6:53 of 3rd period - Snap shot by Patrice Bergeron.
6:53 of 3rd period - Shot Misses the Net.
6:55 of 3rd period - Slapshot by Pierre-Luc Dubois.
6:55 of 3rd period - Stopped by Jake Allen with a rebound.
6:57 of 3rd period - Wrist shot by Adam Larsson.
6:57 of 3rd period - Stopped by Jake Allen without a rebound.
6:58 of 3rd period - T.J. Oshie wins face-off versus Mark Stone in Winnipeg Jets zone.
7:23 of 3rd period - Kevin Shattenkirk is hit by Pierre-Luc Dubois.
7:31 of 3rd period - Snap shot by Patrice Bergeron.
7:31 of 3rd period - Stopped by Jake Allen with a rebound.
7:33 of 3rd period - Wrist shot by Dmitry Kulikov.
7:33 of 3rd period - Stopped by Jake Allen with a rebound.
7:35 of 3rd period - Slapshot by Dmitry Kulikov.
7:35 of 3rd period - Stopped by Jake Allen without a rebound.
7:36 of 3rd period - Connor McDavid wins face-off versus Nathan MacKinnon in Winnipeg Jets zone.
7:51 of 3rd period - Snap shot by Connor McDavid.
7:51 of 3rd period - Stopped by Igor Shesterkin with a rebound.
8:13 of 3rd period - Backhand shot by Mathew Barzal.
8:13 of 3rd period - Shot Misses the Net.
8:15 of 3rd period - Slapshot by John Klingberg.
8:15 of 3rd period - Shot Misses the Net.
8:17 of 3rd period - Snap shot by Matty Beniers.
8:17 of 3rd period - Stopped by Igor Shesterkin without a rebound.
8:18 of 3rd period - T.J. Oshie wins face-off versus Nick Suzuki in New York Rangers zone.
9:09 of 3rd period - Conor Garland is hit by Barclay Goodrow and loses puck.
9:20 of 3rd period - Wrist shot by Eeli Tolvanen.
9:20 of 3rd period - Stopped by Igor Shesterkin without a rebound.
9:21 of 3rd period - Connor McDavid wins face-off versus Nathan MacKinnon in New York Rangers zone.
9:22 of 3rd period - Wrist shot by Ryan Nugent-Hopkins.
9:22 of 3rd period - Shot Blocked by Mark Giordano.
9:24 of 3rd period - Slapshot by Dante Fabbro.
9:24 of 3rd period - Shot Blocked by Mark Giordano.
9:26 of 3rd period - Slapshot by Ryan Nugent-Hopkins.
9:26 of 3rd period - Shot Blocked by Mikael Granlund.
9:38 of 3rd period - Snap shot by Connor McDavid.
9:38 of 3rd period - Deflect By Mikael Granlund.
9:38 of 3rd period - Stopped by Igor Shesterkin with a rebound.
10:11 of 3rd period - Kevin Shattenkirk is hit by Matt Benning and loses puck.
10:28 of 3rd period - Kevin Shattenkirk is hit by Nathan MacKinnon and loses puck.
10:47 of 3rd period - Snap shot by Connor McDavid.
10:47 of 3rd period - Stopped by Igor Shesterkin without a rebound.
10:48 of 3rd period - Connor McDavid wins face-off versus David Kampf in New York Rangers zone.
11:04 of 3rd period - Icing by Cam Fowler.
11:05 of 3rd period - David Kampf wins face-off versus Matty Beniers in New York Rangers zone.
11:10 of 3rd period - Snap shot by Lucas Raymond.
11:10 of 3rd period - Shot Misses the Net.
11:12 of 3rd period - Snap shot by Brandon Montour.
11:12 of 3rd period - Stopped by Igor Shesterkin with a rebound.
11:14 of 3rd period - Slapshot by Brandon Montour.
11:14 of 3rd period - Stopped by Igor Shesterkin without a rebound.
11:15 of 3rd period - Nathan MacKinnon wins face-off versus Matty Beniers in New York Rangers zone.
11:34 of 3rd period - Mathew Barzal is hit by Mikael Granlund.
12:04 of 3rd period - Snap shot by Brandon Montour.
12:04 of 3rd period - Shot Misses the Net.
12:06 of 3rd period - Slapshot by Kevin Shattenkirk.
12:06 of 3rd period - Shot Blocked by Eric Robinson.
12:14 of 3rd period - Wrist shot by Nick Suzuki.
12:14 of 3rd period - Stopped by Igor Shesterkin without a rebound.
12:15 of 3rd period - Nathan MacKinnon wins face-off versus Mathew Barzal in New York Rangers zone.
12:24 of 3rd period - Snap shot by Nathan MacKinnon.
12:24 of 3rd period - Stopped by Jake Allen with a rebound.
13:15 of 3rd period - Wrist shot by T.J. Oshie.
13:15 of 3rd period - Stopped by Jake Allen without a rebound.
13:16 of 3rd period - Nick Suzuki wins face-off versus Nathan MacKinnon in Winnipeg Jets zone.
13:18 of 3rd period - Minor Penalty to Dante Fabbro for Interference.
13:19 of 3rd period - Nathan MacKinnon wins face-off versus Barclay Goodrow in Winnipeg Jets zone.
13:25 of 3rd period - Wrist shot by Mikael Granlund.
13:25 of 3rd period - Goal by Mikael Granlund - Winnipeg Jets : 4 - New York Rangers : 3.
13:26 of 3rd period - Mikael Granlund wins face-off versus Connor McDavid in neutral zone.
13:41 of 3rd period - Snap shot by Mikael Granlund.
13:41 of 3rd period - Goal by Mikael Granlund - Winnipeg Jets : 4 - New York Rangers : 4.
13:42 of 3rd period - Patrice Bergeron wins face-off versus Connor McDavid in neutral zone.
13:45 of 3rd period - Dante Fabbro is hit by Pierre-Luc Dubois and loses puck.
14:23 of 3rd period - Snap shot by Nick Suzuki.
14:23 of 3rd period - Shot Blocked by Nathan MacKinnon.
14:25 of 3rd period - Slapshot by Brandon Montour.
14:25 of 3rd period - Stopped by Igor Shesterkin with a rebound.
14:45 of 3rd period - Snap shot by Andrew Cogliano.
14:45 of 3rd period - Stopped by Igor Shesterkin without a rebound.
14:46 of 3rd period - Patrice Bergeron wins face-off versus Connor McDavid in New York Rangers zone.
15:55 of 3rd period - Off-side.
15:56 of 3rd period - Barclay Goodrow wins face-off versus Nathan MacKinnon in neutral zone.
16:43 of 3rd period - Snap shot by Tyler Motte.
16:43 of 3rd period - Stopped by Jake Allen without a rebound.
16:44 of 3rd period - David Kampf wins face-off versus Connor McDavid in Winnipeg Jets zone.
17:07 of 3rd period - Wrist shot by Mark Giordano.
17:07 of 3rd period - Shot Blocked by Kevin Shattenkirk.
17:12 of 3rd period - Brandon Montour is hit by Cam Fowler and loses puck.
17:21 of 3rd period - Snap shot by Adam Larsson.
17:21 of 3rd period - Stopped by Jake Allen without a rebound.
17:22 of 3rd period - Matty Beniers wins face-off versus T.J. Oshie in Winnipeg Jets zone.
17:31 of 3rd period - Wrist shot by Matty Beniers.
17:31 of 3rd period - Shot Misses the Net.
17:51 of 3rd period - Snap shot by Barclay Goodrow.
17:51 of 3rd period - Shot Misses the Net.
18:01 of 3rd period - Wrist shot by Barclay Goodrow.
18:01 of 3rd period - Stopped by Igor Shesterkin without a rebound.
18:02 of 3rd period - David Kampf wins face-off versus Matty Beniers in New York Rangers zone.
18:07 of 3rd period - Snap shot by Lucas Raymond.
18:07 of 3rd period - Stopped by Igor Shesterkin with a rebound.
18:16 of 3rd period - Matt Benning is hit by Mathew Barzal and loses puck.
18:37 of 3rd period - Snap shot by Pierre-Luc Dubois.
18:37 of 3rd period - Stopped by Jake Allen with a rebound.
19:11 of 3rd period - Minor Penalty to John Klingberg for Holding.
19:12 of 3rd period - Barclay Goodrow wins face-off versus Patrice Bergeron in Winnipeg Jets zone.
Goals for this period are 0 for Winnipeg Jets vs 3 for New York Rangers.
Shots for this period are 14 for Winnipeg Jets vs 15 for New York Rangers.
Overtime #1
0:01 of 1st overtime period - Barclay Goodrow wins face-off versus Nathan MacKinnon in neutral zone.
0:04 of 1st overtime period - Wrist shot by Kevin Shattenkirk.
0:04 of 1st overtime period - Shot Misses the Net.
0:14 of 1st overtime period - Snap shot by Nathan MacKinnon.
0:14 of 1st overtime period - Goal by Nathan MacKinnon - Winnipeg Jets : 4 - New York Rangers : 5.
Goals for this period are 0 for Winnipeg Jets vs 1 for New York Rangers.
Shots for this period are 0 for Winnipeg Jets vs 1 for New York Rangers.
Back to the Top